 Dungeon Crawl Stone Soup version 0.28-a0-683-ga8797d1ae1 (webtiles) character file.

Game seed: 5488270130487233527

2543 spiderkeys the Blocker (level 9, -7/74 (85) HPs)
             Began as a Deep Dwarf Fighter on Oct 19, 2021.
             Mangled by a cyclops (25 damage)
             ... on level 6 of the Dungeon.
             The game lasted 00:17:23 (4437 turns).

spiderkeys the Blocker (Deep Dwarf Fighter)         Turns: 4437, Time: 00:17:24

HP:   -7/74 (85)    AC: 12    Str: 23    XL:     9   Next: 30%
MP:   7/7           EV: 12    Int:  9    God:
Gold: 371           SH:  6    Dex: 12    Spells: 8/8 levels left

rFire   . . .      SeeInvis .   a - +1 war axe (elec)
rCold   . . .      Faith    .   c - +0 buckler
rNeg    . . .      Spirit   .   b - +0 scale mail
rPois   .          Reflect  .   (no helmet)
rElec   .          Harm     .   t - +0 cloak
rCorr   .          Rampage  .   (no gloves)
Will    +....                   j - +2 pair of boots
Stlth   ..........              (no amulet)
HPRegen 0.00/turn               (no ring)
MPRegen 0.10/turn               (no ring)

@: heavily drained
A: damage resistance, heal wounds, sense surroundings 2, no regeneration
a: Heal Wounds


You were on level 6 of the Dungeon.
You visited 1 branch of the dungeon, and saw 6 of its levels.

You collected 371 gold pieces.


Innate Abilities, Weirdness & Mutations

You are resistant to damage.
You can heal yourself by infusing magical energy.
You passively map the area around you.
You do not regenerate.


   Skills:
 + Level 6.8 Fighting
 + Level 7.7 Axes
 + Level 8.2 Armour
 - Level 5.1 Dodging
 + Level 8.2 Shields


You had 8 spell levels left.
You didn't know any spells.
Your spell library contained the following spells:

 Spells                   Type           Power      Damage    Failure   Level
 Magic Dart               Conj           0%         1d3       65%         1
 Shock                    Conj/Air       0%         1d3       65%         1
 Call Imp                 Summ           0%         N/A       80%         2
 Inner Flame              Hex/Fire       0%         N/A       95%         3
 Mephitic Cloud           Conj/Pois/Air  0%         N/A       95%         3
 Swiftness                Air            0%         N/A       95%         3
 Airstrike                Air            0%         N/A       100%        4
 Cause Fear               Hex            0%         N/A       100%        4
 Discord                  Hex            0%         N/A       100%        8

Inventory:

Hand Weapons
 a - a +1 war axe of electrocution (weapon)
Missiles
 e - 120 arrows
 l - 91 stones (quivered)
 m - a poisoned dart
 n - 19 sling bullets
 p - 34 bolts
Armour
 b - a +0 scale mail (worn)
 c - a +0 buckler (worn)
 j - a +2 pair of boots (worn)
   (You found it on level 1 of the Dungeon)
 t - a +0 cloak (worn)
   (You found it on level 6 of the Dungeon)
 x - a +0 kite shield
   (You found it on level 6 of the Dungeon)
Jewellery
 C - a ring of ice
   (You found it on level 3 of the Dungeon)
Scrolls
 i - a scroll of vulnerability {!r!r}
 k - a scroll of teleportation {@r4}
 q - a scroll of identify {@r1}
 r - 2 scrolls of magic mapping {!r}
 w - a scroll of fear
Potions
 d - a potion of might
 f - a potion of resistance {unknown}
 g - a potion of flight
 h - a potion of cancellation {unknown}
 o - 2 potions of attraction {!q}
 s - a potion of lignification {unknown}
 u - 3 potions of curing {@q1}
 v - a potion of haste {@q3}

Dungeon Overview and Level Annotations

Branches:
Dungeon (6/15)
 Temple: D:4-7

Altars:
Cheibriados
Gozag
Okawaru
Ru
Sif Muna
Wu Jian

Shops:
D:2 ?   D:5 (*

Annotations:
D:3 3 runed translucent doors, avis's ghost, amateur HOMo

###.....## ##...# #C#
###.#..######....###.#
......##.........##..#
#.#####..######.###.##
#.# #..## #.###.# #.#
##.## #.##..# ..###..#
#.##.## .###..##
#.##.# ## #.##
###.@C.# #.#
#####....### ####.#
#......###
.....####...####
#######....###
#####...##...#
#.....####...#
#.#####......#
[.#.....##.###


You could see a cyclops.


Message History

An orc comes into view. It is wielding a +0 flail.
You block the orc priest's attack.
You hit the orc but do no damage. Lightning courses through the orc!!
You kill the orc!
You hit the orc priest but do no damage.
A wight comes into view. It is wielding a +2 halberd.
A wight comes into view. It is wielding a +3 falchion.
The orc priest looks satisfied for a moment.
You slash the orc priest!
You kill the orc priest!
You closely miss the orc. You block the orc's attack.
You slash the orc!
You kill the orc!
You closely miss the orc. The orc misses you. The wight closely misses you.
You closely miss the orc. You block the orc's attack.
The wight hits you from afar with a +2 halberd.
* * * LOW HITPOINT WARNING * * *
You feel drained. 😨 HP[-3]
You now have 75 max hp (-1).
You take 3 damage, and now have 20/75 hp.
You closely miss the orc. The orc hits you but does no damage.
The wight misses you.
You barely miss the wight. You closely miss the orc.
The orc hits you with a +0 falchion of protection.
* * * LOW HITPOINT WARNING * * *
The wight closely misses you. The wight barely misses you.
The orc barely misses you. 😱 HP[-2]
You take 2 damage, and now have 18/75 hp.
You slash the wight! You slash the orc!
You kill the orc!
The wight closely misses you. The wight hits you with a +3 flail.
* * * LOW HITPOINT WARNING * * *
You feel drained. 😱 HP[-4]
You now have 74 max hp (-1).
You take 4 damage, and now have 14/74 hp.
Your magical essence is drained by the effort!
You feel much better.
The wight hits you from afar with a +2 halberd.
You feel drained. The wight barely misses you.
The wight closely misses you. 😮 HP[+23] MP[-1]
You now have 73 max hp (-1).
You regained 23 hp, and now have 37/73 hp.
You slash the wight! Lightning courses through the wight!
You destroy the wight!
You hit the wight but do no damage. Lightning courses through the wight!!
You destroy the wight!
You block the wight's attack.
You now have 74 max hp (+1).
You hit the wight but do no damage. You block the wight's attack. x2
The wight barely misses you. The wight closely misses you.
The wight misses you.
Items here: )) [ †.
You hit the wight but do no damage. Lightning courses through the wight!!
You destroy the wight!
You hit the wight. The wight hits you with a +3 falchion.
* * * LOW HITPOINT WARNING * * *
You feel drained. 😨 HP[-2]
You take 2 damage, and now have 35/74 hp.
You slash the wight! You block the wight's attack.
You hit the wight. Lightning courses through the wight!!
You destroy the wight!
Items here: )) [[.
Things that are here:
a +2 halberd; a +0 robe
Things that are here:
a +0 flail; a +0 scale mail; an orc corpse
Items here: ))) [[ †.
Things that are here:
a +0 flail; an orc corpse
Found a stone staircase leading down.
Found a stone staircase leading down.
l - 91 stones (gained 1)
You now have 353 gold pieces (gained 5).
Key pressed, stopping explore.
A cyclops is nearby!
You see here a +0 kite shield.
x - a +0 kite shield You now have 371 gold pieces (gained 18).
The cyclops shouts!
Throw: 2 darts (poison)
Press: ? - help, Shift-Dir - straight line, f - cyclops
Aim: a cyclops, quivering large rocks (86% to hit)
You throw a poisoned dart. The poisoned dart hits the cyclops.
The cyclops is poisoned.
You start waiting.
A cyclops is nearby!
The cyclops hits you!!
* * * LOW HITPOINT WARNING * * *
😱 HP[-17]
You take 17 damage, and now have 18/74 hp.
MASSIVE DAMAGE!! (PAUSE)
You barely miss the cyclops. You slash the cyclops!
The cyclops barely misses you.
You slash the cyclops! The cyclops hits you!!
You die...

Skill      XL: |  1  2  3  4  5  6  7  8  9 |
---------------+----------------------------+-----
Dodging        | 1 5 |  5.1
Fighting       | 5 6 |  6.8
Axes           | 5 6 7 |  7.7
Armour         | 6 7 8 |  8.2
Shields        | 6 7 8 |  8.2

Action                   |  1- 3 |  4- 6 |  7- 9 || total
-------------------------+-------+-------+-------++-------
Melee: War axe           |   103 |   141 |   176 ||   420
Throw: Stone             |       |    31 |    26 ||    57
       Dart              |       |       |    12 ||    12
 Abil: Heal Wounds       |       |     2 |     4 ||     6
  Use: Scroll            |     3 |     4 |     6 ||    13
       Potion            |     1 |       |     4 ||     5
Armor: Scale mail        |    57 |    34 |    38 ||   129
Dodge: Dodged            |    54 |    54 |    89 ||   197
Block: Buckler           |    35 |    36 |    62 ||   133

Levels and vault maps discovered:
D:1:      heliophobic_arrival_glass_houses, layout_basic, minmay_small_reverse_x
D:2:      layout_basic, serial_shops, shop, basic_altar
D:3:      layout_loops_ring, slow_altar_1, jmf_multi_god_temple,
          shapermc_ecumenical_altar_flowoftime, ebering_ghost_rock_garden
D:4:      layout_rooms, pdpol_wu_jian_five_deadly_venoms, marbit_many_paths,
          minmay_mini_ossuary
D:5:      layout_basic, serial_shops, kennysheep_little_box, shop,
          nicolae_lakefront_shop, uniq_pikel, uniq_edmund, uniq_ijyb,
          uniq_sigmund
D:6:      black_bear_nest_2, layout_rooms

Notes
Turn   | Place    | Note
-------+----------+-------------------------------------------
     0 | D:1      | spiderkeys the Deep Dwarf Fighter began the quest for the
                  | Orb.
     0 | D:1      | Reached XP level 1. HP: 20/20 MP: 1/1
     0 | D:1      | magus.rc [v1.9.10]
    89 | D:1      | Reached XP level 2. HP: 27/27 MP: 2/2
   191 | D:1      | Reached skill level 1 in Dodging
   255 | D:1      | Reached XP level 3. HP: 19/33 MP: 3/3
   292 | D:1      | Reached skill level 3 in Fighting
   770 | D:1      | Identified a potion of experience
   771 | D:1      | Reached skill level 5 in Fighting
   771 | D:1      | Reached skill level 5 in Axes
   771 | D:1      | Reached skill level 6 in Armour
   771 | D:1      | Reached skill level 5 in Dodging
   771 | D:1      | Reached skill level 6 in Shields
   771 | D:1      | Reached XP level 4. HP: 23/46 MP: 4/4
   789 | D:2      | Found an opulent altar of Gozag.
   997 | D:2      | Found Haogeem's Magic Scroll Boutique.
  1484 | D:3      | Reached XP level 5. HP: 19/52 MP: 5/5
  1503 | D:3      | Noticed a phantom
  1579 | D:3      | Found an iron altar of Okawaru.
  1588 | D:3      | Found a shimmering blue altar of Sif Muna.
  1750 | D:3      | Found a faded altar of an unknown god.
  1865 | D:3      | Found a snail-covered altar of Cheibriados.
  1913 | D:3      | Found a runed translucent gate.
  1914 | D:3      | Found a runed translucent gate.
  1916 | D:3      | Found a runed translucent gate.
  1918 | D:3      | Noticed avis's ghost (amateur HOMo)
  2136 | D:4      | Noticed a centaur
  2225 | D:4      | Found a sacrificial altar of Ru.
  2260 | D:4      | Found an ornate altar of the Wu Jian Council.
  2267 | D:4      | Noticed a spectral centipede
  2267 | D:4      | Noticed a spectral black mamba
  2267 | D:4      | Noticed a spectral cane toad
  2323 | D:4      | Reached skill level 6 in Axes
  2323 | D:4      | Reached XP level 6. HP: 42/61 MP: 6/6
  2336 | D:4      | You pick up a book of Hexes and begin reading...
  2336 | D:4      | You add the spells Inner Flame, Cause Fear and Discord to
                  | your library.
  2823 | D:5      | Entered Level 5 of the Dungeon
  2834 | D:5      | HP: 13/61 [wyvern skeleton (4)]
  2837 | D:5      | Reached XP level 7. HP: 14/67 MP: 7/7
  2897 | D:5      | Noticed Ijyb
  2897 | D:5      | Noticed Sigmund
  2897 | D:5      | Paralysed by Ijyb for 6 turns
  2909 | D:5      | Killed Sigmund
  2912 | D:5      | Killed Ijyb
  2913 | D:5      | Reached skill level 7 in Armour
  2913 | D:5      | Reached skill level 7 in Shields
  3120 | D:5      | Noticed Edmund
  3144 | D:5      | Killed Edmund
  3145 | D:5      | Reached skill level 6 in Fighting
  3145 | D:5      | Reached XP level 8. HP: 25/76 MP: 7/7
  3334 | D:5      | Found Tonos's Weapon Emporium.
  3358 | D:5      | Noticed Pikel
  3440 | D:5      | Killed Pikel
  3441 | D:5      | Reached skill level 7 in Axes
  3459 | D:5      | Found Rodybobrio's General Store.
  3512 | D:5      | Found Ocoifagu's Distillery.
  3612 | D:6      | Noticed a cyclops
  4016 | D:6      | You pick up a book of Minor Magic and begin reading...
  4016 | D:6      | You add the spells Magic Dart, Call Imp and Mephitic Cloud
                  | to your library.
  4143 | D:6      | Reached skill level 8 in Shields
  4143 | D:6      | Gained mutation: You passively map the area around you.
                  | [Deep Dwarf growth]
  4143 | D:6      | Reached XP level 9. HP: 51/85 MP: 8/8
  4145 | D:6      | Reached skill level 8 in Armour
  4257 | D:6      | You pick up a book of Air and begin reading...
  4257 | D:6      | You add the spells Shock, Swiftness and Airstrike to your
                  | library.
  4296 | D:6      | HP: 18/75 [orc (2)]
  4434 | D:6      | HP: 18/74 [cyclops (17)]
  4437 | D:6      | Mangled by a cyclops

Vanquished Creatures
  Pikel (D:5)
  Sigmund (D:5)
  Edmund (D:5)
  A water moccasin (D:6)
  A sky beast (D:5)
  A black bear (D:6)
  2 ogres (D:5)
  A necrophage (D:5)
  A centaur (D:4)
  2 lemures (D:5)
  A wyvern skeleton (D:5)
  A water moccasin skeleton (D:5)
  10 wights (D:6)
  A bullfrog zombie (D:5)
  2 hounds (D:4)
  An iron imp (D:3)
  A bullfrog skeleton (D:5)
  An orc priest (D:6)
  2 gnoll shamans
  Ijyb (D:5)
  3 iguanas (D:5)
  An orc wizard (D:6)
  A mummy (D:4)
  7 gnolls
  6 adders
  A shadow imp (D:5)
  3 worms
  2 dart slugs (D:1)
  18 orcs
  6 endoplasms
  3 giant cockroaches
  6 goblins
  5 hobgoblins
  2 jackals
  13 kobolds
  3 quokkas
  8 ball pythons
  3 bats (D:1)
  4 frilled lizards
  2 hobgoblin zombies (D:4)
  2 kobold zombies (D:4)
  5 rats
137 creatures vanquished.

Vanquished Creatures (others)
  6 plants (D:3)
  9 withered plants (D:3)
15 creatures vanquished.

Grand Total: 152 creatures vanquished

Table legend:
 A = Non-vault XP
 B = Vault XP
 C = Vault XP percentage of total XP
 D = Non-vault monster count
 E = Vault monster count
 F = Vault count percentage of total count
                 A         B        C        D         E       F
            +---------+---------+-------+---------+---------+-------
      Total |    2283 |    1281 |  35.9 |     117 |      18 |  13.3
            +---------+---------+-------+---------+---------+-------
        D:1 |      52 |       7 |  11.9 |      30 |       4 |  11.8
        D:2 |      51 |       0 |   0.0 |      15 |       0 |   0.0
        D:3 |      42 |      47 |  52.8 |       9 |       3 |  25.0
        D:4 |     312 |      23 |   6.9 |      17 |       6 |  26.1
        D:5 |     976 |    1076 |  52.4 |      25 |       4 |  13.8
        D:6 |     850 |     128 |  13.1 |      21 |       1 |   4.5
            +---------+---------+-------+---------+---------+-------

Illustrated notes

Table legend:
 A = Kills in this place as a percentage of kills in entire the game.
 B = Kills by you in this place as a percentage of kills by you in the entire game.
 C = Kills by friends in this place as a percentage of kills by friends in the entire game.
 D = Other kills in this place as a percentage of other kills in the entire game.
 E = Experience gained in this place as a percentage of experience gained in the entire game.
 F = Experience gained in this place divided by the number of levels of this place that you have seen.
                   A       B       C       D       E      F
               +-------+-------+-------+-------+-------+----------------------
         Total | 100.0 | 100.0 |   N/A |   N/A | 100.0 | 594.0
       Dungeon | 100.0 | 100.0 |   N/A |   N/A | 100.0 | 594.0
               +-------+-------+-------+-------+-------+----------------------

Table legend: (Time is in decaauts)
 A = Elapsed time spent in this place.
 B = Non-inter-level travel time spent in this place.
 C = Inter-level travel time spent in this place.
 D = Time resting spent in this place.
 E = Time spent auto-exploring this place.
 F = Levels seen in this place.
 G = Mean time per level.
                   A        B        C        D        E       F      G
               +--------+--------+--------+--------+--------+-----+--------+
         Total |   4542 |   4248 |    294 |    212 |   2506 |   6 |  757.0 |
       Dungeon |   4542 |   4248 |    294 |    212 |   2506 |   6 |  757.0 |
               +--------+--------+--------+--------+--------+-----+--------+

Top non-repeatable levels by time:
     D:5: 1131 daAuts
     D:1: 829 daAuts
     D:3: 813 daAuts
     D:4: 694 daAuts
     D:2: 579 daAuts
     D:6: 494 daAuts
